 Dungeon Crawl Stone Soup version 0.30.0-29-ga12c61a403 (webtiles) character file.

Game seed: 15813554377179524063

271 cheesebisquit the Insei (level 6, -1/34 (38) HPs)
             Began as an Octopode Transmuter on June 22, 2023.
             Was an Initiate of Gozag.
             Shot with a sling bullet by a goblin (2 damage)
             ... on level 4 of the Dungeon.
             The game lasted 00:06:45 (3233 turns).

cheesebisquit the Insei (Octopode Transmuter)       Turns: 3233, Time: 00:06:46

HP:   -1/34 (38)    AC:  1    Str:  9    XL:     6   Next: 23%
MP:   9/9           EV: 13    Int: 17    God:    Gozag
Gold: 249           SH:  0    Dex: 13    Spells: 8/9 levels left

rFire   . .          .
                       - Unarmed
rCold   . . .        (no shield)
rNeg    . . .        (helmet currently unavailable)
rPois   .            (no amulet)
rElec   .            (no ring)
rCorr   .            (no ring)
SInv    .            (no ring)
Will    .....        (no ring)
Stlth   ++           (no ring)
HPRegen 0.25/turn    (no ring)
MPRegen 0.11/turn    (no ring)
                     (no ring)

%: no passive effects
@: appendages (expiring), gold aura, heavily drained
A: tentacle spike 3, almost no armour, amphibious, 8 rings, camouflage 1,
gelatinous body 1, (nimble swimmer 1), tentacles
a: End Transformation, Renounce Religion, Potion Petition, Call Merchant, Bribe
Branch


You were on level 4 of the Dungeon.
You worshipped Gozag.
Gozag was aware of your devotion.
One of your tentacles had grown a beastly spike.
You visited 1 branch of the dungeon, and saw 4 of its levels.

You collected 269 gold pieces.
You paid 20 gold pieces to Gozag.

Inventory:

Missiles
 h - 15 poisoned darts
 m - 4 boomerangs
Jewellery
 k - a ring of poison resistance
Wands
 p - a wand of mindburst (8)
 s - a wand of roots (10)
Scrolls
 b - 7 scrolls of identify {unknown}
 c - 5 scrolls of poison {unknown}
 d - 4 scrolls of fog {unknown}
 f - a scroll of enchant weapon {unknown}
 i - 2 scrolls of blinking {unknown}
 n - a scroll of fear {unknown}
 o - 2 scrolls of amnesia {unknown}
 q - a scroll of teleportation {unknown}
Potions
 a - 2 potions of lignification
 e - 5 potions of curing {unknown}
 g - a potion of might {unknown}
 j - 2 potions of haste {unknown}
 l - a potion of ambrosia {unknown}
 r - a potion of heal wounds {unknown}


   Skills:
 - Level 1.0 Fighting
 - Level 2.0 Dodging
 + Level 6.8 Unarmed Combat
 - Level 2.0 Spellcasting
 - Level 2.0 Transmutations


You had 8 spell levels left.
You knew the following spells:

 Your Spells              Type           Power      Damage    Failure   Level
a - Beastly Appendage     Tmut           16%        N/A       9%          1

Your spell library contained the following spells:

 Spells                   Type           Power      Damage    Failure   Level
 Wereblood                Tmut           8%         N/A       13%         2
 Necrotise                Necr           4%         1d4       19%         1
 Summon Small Mammal      Summ           4%         N/A       19%         1
 Ensorcelled Hibernation  Hex/Ice        2%         N/A       28%         2
 Spider Form              Tmut/Pois      5%         N/A       36%         3
 Confusing Touch          Hex            1%         N/A       50%         3
 Summon Guardian Golem    Hex/Summ       1%         N/A       50%         3
 Vampiric Draining        Necr           1%         2d6       50%         3
 Ice Form                 Ice/Tmut       5%         N/A       77%         4
 Anguish                  Hex/Necr       0%         N/A       88%         4
 Summon Ice Beast         Ice/Summ       1%         N/A       88%         4
 Yara's Violent Unravell  Hex/Tmut       2%         3d3       98%         5
 Agony                    Necr           1%         N/A       99%         5
 Malign Gateway           Summ/Tloc      0%         N/A       100%        7
 Summon Hydra             Summ           0%         N/A       100%        7


Dungeon Overview and Level Annotations

Branches:
Dungeon (4/15)
 Temple: D:4-7

Altars:
Elyvilon
Gozag


Innate Abilities, Weirdness & Mutations

One of your tentacles has grown a beastly spike.
You cannot wear most types of armour.
You are amphibious.
You can wear up to eight rings at the same time.
Your skin changes colour to match your surroundings (Stealth+).
Your rubbery body absorbs attacks. (AC +1, EV +1)
((You are camouflaged when in or above water. (Stealth+)))
You have tentacles for arms and can constrict up to eight enemies at once.


Message History

There is a stone staircase leading down here.
You now have 249 gold pieces (gained 12).
s - a wand of roots (10)
You pick up a book of Necromancy and begin reading...
You add the spells Necrotise, Vampiric Draining and Agony to your library.
You open the door.
There is an open door here.
There is an open door here.
A jelly comes into view.
An orc comes into view. It is wielding a +0 trident.
One of your tentacles grows a vicious spike.
The jelly quivers.
The orc shouts!
You hear a shout! x2
The jelly jiggles.
An orc comes into view. It is wielding a +0 war axe. x2
You tentacle-slap the jelly.
Your tentacles burn!
Your tentacle spike misses the jelly.
You squeeze the jelly.
The jelly is moderately wounded.
You tentacle-slap the jelly.
Your tentacles burn!
You pierce the jelly.
The jelly is heavily wounded.
The jelly hits you.
You are splashed with acid!
You tentacle-slap the jelly.
Your tentacles burn!
You pierce the jelly.
You squeeze the jelly.
You kill the jelly!
A goblin comes into view. It is wielding a +0 club.
The orc is distracted by your dazzling golden aura.
The goblin unwields a +0 club.
The goblin wields a +2 sling of draining.
You sense an unholy aura.
The goblin shoots a sling bullet.
The sling bullet closely misses you.
The goblin shoots a sling bullet.
The sling bullet closely misses you.
Your transformation is almost over.
The goblin shoots a sling bullet.
The sling bullet hits you!
* * * LOW HITPOINT WARNING * * *
You feel drained.
The goblin shoots a sling bullet.
The sling bullet hits you.
* * * LOW HITPOINT WARNING * * *
You feel drained.
You die...
Your body crumbles into a pile of gold.

...#..######.##.#
#g#..##........#
#....##.###.####
..######.....#.# #.#
..ooo.$............#
..######.#.#########
#.### ..######.#
.......@.#
##########


You could see a goblin.

Vanquished Creatures
  A jelly (D:4)
  2 hounds
  An orc priest (D:4)
  3 gnolls (D:4)
  4 adders
  2 dart slugs
  2 orcs (D:4)
  7 ball pythons
  5 bats
  7 endoplasms
  2 giant cockroaches
  5 goblins
  7 hobgoblins
  11 jackals
  6 kobolds
  3 quokkas (D:1)
  A frilled lizard (D:1)
  7 rats
76 creatures vanquished.

Notes
Turn   | Place    | Note
-------+----------+-------------------------------------------
     0 | D:1      | cheesebisquit the Octopode Transmuter began the quest for
                  | the Orb.
     0 | D:1      | Reached XP level 1. HP: 13/13 MP: 3/3
    41 | D:1      | Reached XP level 2. HP: 18/18 MP: 3/5
   278 | D:1      | Reached skill level 4 in Unarmed Combat
   322 | D:1      | Reached XP level 3. HP: 13/23 MP: 6/6
   823 | D:1      | Found a faded altar of an unknown god.
  1271 | D:2      | Reached XP level 4. HP: 23/28 MP: 5/7
  1392 | D:2      | Reached skill level 5 in Unarmed Combat
  1430 | D:2      | Found a white marble altar of Elyvilon.
  1541 | D:2      | Got the Book of Spellbinding
  1678 | D:3      | Found an opulent altar of Gozag.
  1687 | D:3      | Became a worshipper of Gozag Ym Sagoz the Greedy
  1836 | D:3      | Reached XP level 5. HP: 28/33 MP: 6/8
  2353 | D:4      | Reached skill level 6 in Unarmed Combat
  2691 | D:4      | Got the Folio of the Commander
  2754 | D:4      | Reached XP level 6. HP: 34/38 MP: 7/9
  3233 | D:4      | HP: 1/36 [goblin/sling bullet (6)]
  3233 | D:4      | Shot with a sling bullet by a goblin

Illustrated notes

Levels and vault maps discovered:
D:1:      sevenhm_arrival_forest_fort_large_4, layout_loops_cross,
          basic_ecumenical_altar
D:2:      layout_rooms, basic_altar, minmay_misc_feat_five,
          kennysheep_generic_room_4
D:3:      layout_rooms, nicolae_gozag_seed_capital
D:4:      layout_loops_corners, xom_redecorated

Skill      XL: |  1  2  3  4  5 |
---------------+----------------+-----
Unarmed Combat | 4 5 6 |  6.8
Fighting       | |  1.0
Dodging        | |  2.0
Spellcasting   | |  2.0
Transmutations | |  2.0

Action                     |  1- 3 |  4- 6 || total
---------------------------+-------+-------++-------
  Melee: Unarmed           |    85 |    73 ||   158
         Kick              |    25 |    25 ||    50
         Constrict         |    23 |    21 ||    44
         Tentacles         |    10 |    20 ||    30
         Punch             |     2 |     5 ||     7
   Cast: Beastly Appendage |    22 |    25 ||    47
   Stab: Sleeping          |     5 |     3 ||     8
 Armour: Skin              |    11 |     4 ||    15
  Dodge: Dodged            |    41 |    55 ||    96
